 Dungeon Crawl Stone Soup version 0.31-a0-1178-gc5c9b8f871 (webtiles) character file.

Game seed: 4026920420755833160

342 qw the Shooter (level 6, 0/38 HPs)
             Began as a Gargoyle Hunter on Dec 11, 2023.
             Slain by an orc priest
             ... wielding a +0 dagger
              (2 damage)
             ... on level 3 of the Dungeon.
             The game lasted 00:00:50 (1737 turns).

qw the Shooter (Gargoyle Hunter)                    Turns: 1737, Time: 00:00:51

Health: 0/38       AC:  9    Str: 14    XL:     6   Next: 57%
Magic:  6/6        EV: 11    Int: 10    God:
Gold:   149        SH:  0    Dex: 15    Spells: 5/5 levels left

rFire   . . .        a - +0 shortbow
rCold   . . .        (shield currently unavailable)
rNeg    + . .        c - +0 leather armour
rPois   inf          e - +0 helmet
rElec   +            g - +0 cloak
rCorr   .            (no gloves)
SInv    .            (no boots)
Will    .....        (no amulet)
Stlth   ++           (no ring)
HPRegen 0.26/turn    (no ring)
MPRegen 0.10/turn

%: no passive effects
@: no status effects
A: sickness immunity, AC +4, negative energy resistance 1, electricity
resistance, torment resistance 1, petrification resistance
a: no special abilities


You were on level 3 of the Dungeon.
You visited 1 branch of the dungeon, and saw 3 of its levels.

You collected 149 gold pieces.


Innate Abilities, Weirdness & Mutations

You are immune to sickness and miasma.
Your stone body is resilient. (AC +4)
You are immune to poison.
You resist negative energy. (rN+)
You are resistant to electric shocks. (rElec)
You are resistant to unholy torment.
You are immune to petrification.


   Skills:
 + Level 3.9 Fighting
 - Level 6.9 Ranged Weapons
 - Level 1.0 Armour
 - Level 1.5 Dodging
 - Level 1.1 Stealth


You had 5 spell levels left.
You didn't know any spells.
Your spell library was empty.

Inventory:

Hand Weapons
 a - a +0 shortbow (weapon)
Armour
 c - a +0 leather armour (worn)
 e - a +0 helmet (worn)
 g - a +0 cloak (worn)
Wands
 b - a wand of charming (7)
 d - a wand of light (8)
Scrolls
 f - a scroll of teleportation {unknown}
Potions
 h - 2 potions of might

Dungeon Overview and Level Annotations

Branches:
Dungeon (3/15)

Altars:


Message History

You barely resist.
The orc priest calls down the wrath of Beogh upon you.
Beogh smites you!
You shoot an arrow. The arrow hits the orc.
You kill the orc!
The orc priest barely misses you.
You shoot an arrow. The arrow barely misses the orc priest.
The arrow hits the orc priest.
The orc priest is moderately wounded.
The orc priest invokes the aid of Beogh against you.
You are unaffected.
You shoot an arrow. The arrow hits the orc priest!
The orc priest is heavily wounded.
The orc priest barely misses you.
You shoot an arrow. The arrow hits the orc priest.
The orc priest is almost dead.
The orc priest mumbles some strange prayers to Beogh against you.
Pain shoots through your body!
You shoot an arrow. The arrow hits the orc priest!
You kill the orc priest!
You shoot an arrow.
The arrow closely misses the orc priest.
The orc priest hits you but does no damage.
You shoot an arrow.
The arrow hits the orc priest but does no damage.
The orc priest is moderately wounded.
The orc priest hits you but does no damage.
You shoot an arrow. The arrow hits the orc priest.
The orc priest is heavily wounded.
The orc priest hits you but does no damage.
You shoot an arrow. The arrow hits the orc priest.
The orc priest is severely wounded.
The orc priest misses you.
You shoot an arrow. The arrow barely misses the orc priest.
The orc priest completely misses you.
You shoot an arrow.
The arrow hits the orc priest but does no damage.
The orc priest is severely wounded.
The orc priest hits you with a +0 dagger. x2
You die...

..............
######.#######
##.########### ##
#............# ..
.#..########.## ### ##
.#..# ####.# ....
.##.#..# #....# .....
..#.#..########.##......
................@o......
.........######.##......
.......... .... .>...
....#..#### ###.## ....
........... ..# ...
.#.....### ..# ..
.#.....# #..# # .#..?<.#
#... .............


You could see an orc priest.

Vanquished Creatures
  Sigmund (D:3)
  An orc priest (D:3)
  Ijyb (D:3)
  5 adders
  2 worms
  A dart slug (D:2)
  6 orcs (D:3)
  6 ball pythons
  3 bats
  7 endoplasms
  3 giant cockroaches
  10 goblins
  4 hobgoblins
  2 jackals (D:1)
  5 quokkas
  3 frilled lizards
  7 kobolds
  5 rats
72 creatures vanquished.

Notes
Turn   | Place    | Note
-------+----------+-------------------------------------------
     0 | D:1      | qw the Gargoyle Hunter began the quest for the Orb.
     0 | D:1      | Reached XP level 1. HP: 12/12 MP: 1/1
     0 | D:1      | 0 ||| qw: Version: 0.3-a-106-g2cfff9e
     0 | D:1      | 0 ||| qw: Game counter: 1989
     0 | D:1      | 0 ||| qw: Melee chars always use a shield: true
     0 | D:1      | 0 ||| qw: God list: Okawaru
     0 | D:1      | 0 ||| qw: Allow faded altars: false
     0 | D:1      | 0 ||| qw: Do Orc after clearing Dungeon:15 true
     0 | D:1      | 0 ||| qw: Do second Lair branch before Depths: true
     0 | D:1      | 0 ||| qw: Lair rune preference: random
     0 | D:1      | 0 ||| qw: Goals: Normal, Save, Zot:1-4, Win
     0 | D:1      | 0 ||| PLANNING D:1-11
    13 | D:1      | Found a faded altar of an unknown god.
    53 | D:1      | Reached XP level 2. HP: 16/17 MP: 2/2
   253 | D:1      | Reached XP level 3. HP: 17/21 MP: 3/3
   305 | D:1      | Reached skill level 5 in Ranged Weapons
   622 | D:1      | 622 ||| UPGRADING to +0 helmet.
   627 | D:1      | 627 ||| UPGRADING to +0 cloak.
   632 | D:1      | 632 ||| READING 3 scrolls labelled LIESOCK ORPHYI.
   633 | D:1      | 633 ||| READING scroll labelled OCI KEC YM AWNA.
   633 | D:1      | 633 ||| IDENTIFYING yellow potion
   634 | D:1      | 634 ||| DROPPING scroll of butterflies.
   635 | D:1      | 635 ||| DROPPING 2 scrolls of noise.
   636 | D:1      | 636 ||| DROPPING potion of berserk rage.
   788 | D:2      | Reached skill level 3 in Fighting
   790 | D:2      | Reached skill level 1 in Armour
   790 | D:2      | Reached XP level 4. HP: 28/28 MP: 4/4
  1193 | D:2      | 1193 ||| READING scroll of identify.
  1193 | D:2      | 1193 ||| IDENTIFYING 2 red potions
  1224 | D:3      | 1224 ||| PLANNING SEWER
  1333 | D:3      | Identified the +5 rapier "Ficatt" {flame, Will- Int+5}
  1333 | D:3      | Noticed Sigmund
  1341 | D:3      | Killed Sigmund
  1342 | D:3      | Reached skill level 6 in Ranged Weapons
  1342 | D:3      | Reached XP level 5. HP: 12/32 MP: 5/5
  1342 | D:3      | Reached XP level 6. HP: 14/37 MP: 6/6
  1486 | D:3      | Noticed Ijyb
  1494 | D:3      | 1494 ||| DRINKING emerald potion.
  1498 | D:3      | Killed Ijyb
  1726 | D:3      | HP: 4/37 [orc priest/divine providence (8)]
  1737 | D:3      | HP: 2/38 [orc priest/+0 dagger (2)]
  1737 | D:3      | Slain by an orc priest

Levels and vault maps discovered:
D:1:      minmay_arrival_open_corners, layout_rooms, basic_ecumenical_altar,
          serial_rivers, chequers_serial_rivers_small_a,
          chequers_serial_rivers_small_b, chequers_serial_rivers_micro_e,
          chequers_serial_rivers_small_b, chequers_serial_rivers_small_b,
          minmay_close_crescents
D:2:      layout_basic, grunt_ministairs_14
D:3:      layout_basic, portal_sewer_entry_d, uniq_ijyb, uniq_sigmund,
          uniq_crazy_yiuf_cottage

Skill      XL: |  1  2  3  4 |
---------------+-------------+-----
Ranged Weapons | 5 6 |  6.9
Fighting       | 3 |  3.9
Armour         | 1 |  1.0
Dodging        | |  1.5
Stealth        | |  1.1

Action                     |  1- 3 |  4- 6 || total
---------------------------+-------+-------++-------
   Fire: Shortbow          |   104 |   130 ||   234
    Use: Scroll            |     2 |     1 ||     3
         Potion            |       |     1 ||     1
 Armour: Leather armour    |    34 |    29 ||    63
         Skin              |       |     4 ||     4
  Dodge: Dodged            |    20 |    23 ||    43

Table legend:
 A = Non-vault XP
 B = Vault XP
 C = Vault XP percentage of total XP
 D = Non-vault monster count
 E = Vault monster count
 F = Vault count percentage of total count
                 A         B        C        D         E       F
            +---------+---------+-------+---------+---------+-------
      Total |     202 |     287 |  58.7 |      62 |      10 |  13.9
            +---------+---------+-------+---------+---------+-------
        D:1 |      43 |       8 |  15.7 |      26 |       5 |  16.1
        D:2 |      70 |       7 |   9.1 |      20 |       2 |   9.1
        D:3 |      89 |     272 |  75.3 |      16 |       3 |  15.8
            +---------+---------+-------+---------+---------+-------
